Map: Ley Lines

Players

KimChiLoVer - Winner!

  • Race: Terran Terran
  • Spawn Location: 7:00

A.I. 1 (Elite)

  • Race: Terran Terran
  • Spawn Location: 1:00

VOD

Have the link to the VOD?

Description

Time

  • Played on: Aug. 16, 2025, 6:20 p.m.
  • Length: 11:24
Show
View Real Time Build Order
Export as new Build Order

KimChiLoVer Terran - Winner!

Build Orders: Reaper Expand 

Get SALT Encoding   

  12  0:00  SCV  
  13  0:12  SCV  
  14  0:17  Supply Depot  
  14  0:27  SCV  
  15  0:39  Barracks, SCV  
  16  0:44  Refinery  
  16  0:51  SCV  
  17  1:04  SCV  
  18  1:16  SCV  
  19  1:28  Orbital Command  
  19  1:29  Reaper  
  20  1:40  Command Center  
  20  1:49  Supply Depot  
  20  1:54  SCV  
  20  2:01  Marine  
  21  2:05  Factory  
  21  2:07  SCV  
  23  2:11  Refinery  
  23  2:19  SCV  
  24  2:24  Barracks  
  24  2:25  Barracks Reactor  
  24  2:34  SCV  
  25  2:39  Barracks  
  25  2:49  SCV  
  25  2:50  Factory Tech Lab  
  26  2:54  Orbital Command  
  26  3:01  SCV  
  27  3:06  Marine x2  
  29  3:26  SCV  
  30  3:28  Bunker  
  30  3:32  Stimpack  
  30  3:33  Marine x3  
  33  3:38  SCV  
  34  3:44  Command Center  
  34  3:46  SCV  
  35  3:56  Factory Reactor  
  35  3:57  SCV  
  35  3:59  Starport  
  36  4:05  Marine x2  
  36  4:09  SCV  
  39  4:11  Engineering Bay  
  33  4:29  SCV  
  34  4:38  Marine  
  34  4:39  Marine  
  34  4:41  Engineering Bay, SCV  
  34  4:42  Terran Infantry Weapons Level 1  
  34  4:43  SCV  
  38  4:51  Factory Tech Lab  
  38  4:52  Barracks  
  38  4:53  SCV  
  38  4:55  SCV  
  40  5:01  Orbital Command  
  40  5:05  SCV  
  40  5:06  Barracks  
  41  5:07  SCV  
  42  5:14  Supply Depot  
  42  5:17  SCV  
  42  5:19  SCV  
  42  5:20  Barracks Tech Lab  
  44  5:24  Siege Tank  
  44  5:26  Orbital Command  
  47  5:28  Terran Infantry Armor Level 1  
  47  5:29  SCV  
  47  5:31  Armory  
  47  5:32  SCV  
  49  5:39  Supply Depot  
  49  5:41  Barracks Reactor  
  49  5:42  Combat Shield  
  49  5:46  Medivac  
  49  5:47  Medivac, SCV  
  49  5:48  SCV  
  55  5:53  SCV  
  56  6:05  Refinery  
  56  6:06  SCV  
  56  6:09  SCV  
  56  6:10  Siege Tank, Refinery  
  61  6:15  Marine x3, Marauder  
  61  6:16  Marine  
  67  6:21  SCV  
  67  6:25  Supply Depot  
  68  6:26  Command Center  
  68  6:33  Marine, SCV  
  68  6:34  SCV x2  
  68  6:38  Barracks Tech Lab  
  72  6:44  Barracks  
  72  6:45  Supply Depot  
  72  6:48  SCV  
  72  6:49  Terran Infantry Weapons Level 2  
  72  6:50  Barracks  
  72  6:52  SCV x2  
  75  7:00  SCV  
  75  7:01  Medivac x2  
  80  7:04  SCV  
  81  7:10  Marine x2, Marauder  
  81  7:11  Supply Depot  
  81  7:14  Terran Vehicle And Ship Armor Level 1  
  85  7:18  SCV  
  85  7:20  SCV, Refinery  
  87  7:26  Terran Infantry Armor Level 2  
  87  7:27  Barracks  
  87  7:28  SCV  
  88  7:30  SCV  
  88  7:32  SCV  
  88  7:34  Supply Depot  
  90  7:39  Barracks Tech Lab  
  90  7:40  SCV  
  90  7:42  SCV  
  92  7:51  Barracks Reactor  
  92  7:52  Marine x2  
  92  7:53  Marine x2, SCV, Marauder x2  
  100  8:18  Marine x2, Marauder x4  
  108  8:22  Marine  
  108  8:23  Marine  
  108  8:27  Supply Depot x2, Barracks Tech Lab  
  110  8:30  Planetary Fortress  
  110  8:36  Marine x2  
  110  8:37  Marine x2  
  110  8:38  Siege Tank  
  110  8:39  Marauder x2  
  110  8:40  Marine, Marauder x2  
  124  8:49  Marine  
  124  8:54  Marine  
  126  8:59  Marine, Marauder  
  126  9:01  Marauder x3  
  126  9:02  Marauder  
  137  9:11  Siege Tank  
  140  9:20  Refinery  
  140  9:23  Supply Depot x2  
  140  9:26  Missile Turret  
  140  9:31  Supply Depot  
  140  9:34  Supply Depot  
  140  9:40  Supply Depot  
  140  9:41  Supply Depot  
  140  9:42  Command Center  
  140  9:44  Marine x3, SCV  
  140  9:45  Marine x4, Marauder x2  
  152  9:47  Refinery  
  152  9:48  Supply Depot  
  152  9:49  Supply Depot  
  151  10:17  Marine x3, Marauder x5  
  151  10:18  Siege Tank  
  161  10:38  Marauder  
  161  10:39  Marauder x3  
  168  10:50  Siege Tank  
  169  10:59  Marine  
  169  11:00  Marine x9, Marauder  
Show
View Real Time Build Order
Export as new Build Order

A.I. 1 (Elite) Terran 

Build Orders:  

Get SALT Encoding   

  12  0:00  SCV  
  13  0:13  SCV  
  14  0:18  Supply Depot  
  14  0:25  SCV  
  15  0:40  SCV  
  16  0:42  Barracks  
  16  0:46  Refinery  
  16  0:52  SCV  
  17  1:04  SCV  
  17  1:05  Barracks  
  18  1:16  SCV  
  19  1:29  Orbital Command, Marine  
  20  1:39  Barracks  
  20  1:47  Marine  
  20  1:52  Marine  
  22  1:56  Supply Depot  
  22  1:59  SCV  
  23  2:05  Barracks Tech Lab  
  23  2:10  Barracks Tech Lab  
  23  2:18  SCV  
  24  2:23  Marine  
  24  2:24  Stimpack  
  24  2:26  Marine  
  24  2:28  Marine, Concussive Shells  
  27  2:34  Supply Depot  
  27  2:41  Marine  
  29  2:44  Marine, SCV  
  29  2:46  Marine  
  31  2:59  Marauder  
  31  3:02  Marine  
  31  3:03  Supply Depot  
  31  3:05  Marauder  
  36  3:20  Marine x2  
  36  3:21  SCV  
  36  3:25  Marine, Combat Shield  
  40  3:28  Supply Depot  
  40  3:37  Marine  
  41  3:43  Refinery  
  41  3:52  SCV  
  42  4:04  SCV  
  42  4:07  Factory  
  43  4:16  SCV  
  39  4:17  Marine x2  
  39  4:19  Marine  
  33  4:34  Marine  
  33  4:35  Marine, SCV  
  33  4:37  Marine  
  37  4:41  Supply Depot  
  37  4:52  Marine  
  37  4:55  Barracks Reactor, Starport, Marauder  
  37  4:58  Command Center  
  40  5:10  Marine  
  40  5:12  Engineering Bay  
  41  5:17  Marauder  
  43  5:29  Marauder  
  45  5:35  Engineering Bay  
  45  5:36  Marine  
  45  5:38  Marauder  
  45  5:40  Terran Infantry Weapons Level 1  
  48  5:45  Marine  
  49  5:50  Marauder  
  51  6:00  Marauder  
  51  6:01  Terran Infantry Armor Level 1  
  53  6:07  Factory Tech Lab  
  53  6:10  SCV  
  53  6:11  SCV, Marauder  
  57  6:22  Marauder  
  57  6:23  SCV  
  57  6:24  SCV  
  64  6:25  Siege Tank  
  64  6:35  SCV  
  64  6:36  SCV  
  64  6:37  Refinery  
  66  6:47  SCV, Refinery  
  66  6:48  SCV  
  68  6:56  Marauder  
  68  6:57  Siege Tank  
  68  6:59  SCV  
  68  7:00  Orbital Command, Supply Depot  
  74  7:11  SCV  
  75  7:21  Command Center  
  75  7:23  SCV  
  75  7:26  SCV  
  77  7:32  Supply Depot  
  77  7:35  SCV  
  78  7:38  SCV  
  78  7:42  Marauder  
  81  7:47  SCV  
  81  7:50  Siege Tank, SCV  
  86  7:59  Supply Depot, SCV  
  86  8:02  SCV  
  75  8:11  SCV  
  72  8:15  SCV  
  73  8:24  SCV  
  73  8:27  SCV  
  74  8:36  SCV  
  74  8:39  SCV  
  72  8:48  SCV  
  72  8:51  SCV  
  72  8:52  Marine  
  64  8:57  Marine  
  64  9:00  SCV  
  65  9:03  SCV  
  66  9:12  SCV  
  66  9:15  SCV  
  68  9:24  SCV  
  68  9:27  SCV  
  70  9:33  Marauder  
  70  9:36  SCV  
  73  9:39  SCV  
  74  9:48  SCV  
  74  9:51  SCV  
  76  9:59  Siege Tank  
  75  10:00  SCV  
  75  10:03  SCV  
  67  10:12  SCV  
  59  10:14  Marine  
  59  10:15  SCV  
  61  10:25  SCV  
  59  10:30  SCV  
  59  10:37  SCV  
  59  10:41  Marine  
  59  10:42  SCV  
  62  10:46  Marine  
  62  10:49  SCV  
  43  11:01  SCV  
Tags
 
Matchup
TvT
Race
Terran
Spawn Locations
Cross Positions
Add a new tag
Caveats
  • Supply blocks, unpowered buildings, or Contaminate may cause inaccurate times.
  • Supply counts are checked every 10 seconds.